[Event "9th Amsterdam Science Park B 2019"]
[Site "Amsterdam"]
[Date "2019.07.10"]
[Round "5.5"]
[White "De Winter, Arthur"]
[Black "Breedveld, Andre"]
[Result "0-1"]
[ECO "C09"]
[WhiteElo "1859"]
[BlackElo "1947"]
[Annotator "NA"]
[PlyCount "106"]
[EventDate "2019.07.06"]
[EventType "swiss"]
[EventCountry "NED"]
[SourceTitle "playchess.com"]
[Source "ChessBase"]
[SourceQuality "1"]
[TimeControl "40/5400+30:1800+30"]

1. e4 e6 2. d4 d5 3. Nd2 c5 4. exd5 exd5 5. Ngf3 Nc6 6. dxc5 Bxc5 7. Be2 Nge7 8. Nb3 Bd6 9. O-O O-O 10. Nbd4 Bg4 11. Be3 a6 12. c3 Qc7 13. h3 Bh5 14. Qd2 Na5 15. Rfe1 Rfe8 16. Bd3 Nc4 17. Bxc4 dxc4 18. Nh4 Rad8 19. Qc2 Bg6 20. Nxg6 hxg6 21. Rad1 Nd5 22. Bg5 Rc8 23. Qa4 Rf8 24. Qc2 Qa5 25. Bh4 Rfe8 26. Nf3 Bb8 27. a3 Nf4 28. Bg3 Nd3 29. Rxe8+ Rxe8 30. Bxb8 Rxb8 31. Nd2 b5 32. b3 Qb6 33. Ne4 Qe6 34. Ng3 Re8 35. bxc4 bxc4 36. Kh2 Qc6 37. f3 Qc7 38. Qa4 Re2 39. Qxa6 Ne1 40. Rxe1 Rxe1 41. Qa8+ Kh7 42. Qd5 Re5 43. Qd4 Ra5 44. Qh4+ Kg8 45. Qe4 Rxa3 46. h4 Rxc3 47. f4 Ra3 48. h5 Ra6 49. Qe8+ Kh7 50. Qb5 Rf6 51. hxg6+ fxg6 52. f5 Rxf5 53. Qxc4 Qxc4 0-1

[Event "9th Amsterdam Science Park B 2019"]
[Site "Amsterdam"]
[Date "2019.07.10"]
[Round "5.6"]
[White "De Ruiter, Tom"]
[Black "Van den Bergh, Ben"]
[Result "1-0"]
[ECO "C60"]
[WhiteElo "2010"]
[BlackElo "1980"]
[Annotator "NA"]
[PlyCount "31"]
[EventDate "2019.07.06"]
[EventType "swiss"]
[EventCountry "NED"]
[SourceTitle "playchess.com"]
[Source "ChessBase"]
[SourceQuality "1"]
[TimeControl "40/5400+30:1800+30"]

1. e4 e5 2. Nf3 Nc6 3. Bb5 Nge7 4. d3 Ng6 5. h4 Be7 6. h5 Nh4 7. Nxh4 Bxh4 8. g3 Bg5 9. Bxc6 dxc6 10. Bxg5 Qxg5 11. Qd2 h6 12. Na3 Bg4 13. Nc4 Bf3 14. Rh2 Bxh5 15. Qxg5 hxg5 16. g4 1-0

[Event "9th Amsterdam Science Park B 2019"]
[Site "Amsterdam"]
[Date "2019.07.10"]
[Round "5.7"]
[White "Cohn, Samuel"]
[Black "Adavatkar, Rugved"]
[Result "1-0"]
[ECO "D52"]
[WhiteElo "1679"]
[BlackElo "1678"]
[Annotator "NA"]
[PlyCount "75"]
[EventDate "2019.07.06"]
[EventType "swiss"]
[EventCountry "NED"]
[SourceTitle "playchess.com"]
[Source "ChessBase"]
[SourceQuality "1"]
[TimeControl "40/5400+30:1800+30"]

1. d4 d5 2. c4 c6 3. Nc3 Nf6 4. Nf3 e6 5. Bg5 Nbd7 6. e3 Be7 7. Bd3 dxc4 8. Bxc4 b5 9. Bb3 a5 10. O-O O-O 11. Rc1 Ba6 12. Re1 Rc8 13. Bc2 Nb6 14. Qd3 g6 15. a4 Nc4 16. b3 Nb2 17. Qd2 bxa4 18. bxa4 Kg7 19. Bb1 Qb6 20. e4 Rfd8 21. e5 Ng8 22. Bxe7 Nxe7 23. Ne4 Nd5 24. Nc5 Rb8 25. Ba2 Bc8 26. Bb3 Nxa4 27. Bxa4 Nb4 28. Ng5 Qa7 29. Qf4 Nd5 30. Qh4 Rh8 31. Bxc6 h6 32. Nge4 g5 33. Qg4 Rb4 34. Nd6 Ba6 35. h4 Ne7 36. hxg5 Nxc6 37. gxh6+ Kxh6 38. Re3 1-0

[Event "9th Amsterdam Science Park B 2019"]
[Site "Amsterdam"]
[Date "2019.07.10"]
[Round "5.8"]
[White "Honkoop, Mark"]
[Black "Kerkhoff, Chris"]
[Result "1-0"]
[ECO "B00"]
[WhiteElo "1670"]
[BlackElo "1628"]
[Annotator "NA"]
[PlyCount "89"]
[EventDate "2019.07.06"]
[EventType "swiss"]
[EventCountry "NED"]
[SourceTitle "playchess.com"]
[Source "ChessBase"]
[SourceQuality "1"]
[TimeControl "40/5400+30:1800+30"]

1. e4 Nc6 2. Nf3 d6 3. d4 Nf6 4. Nc3 g6 5. Bb5 a6 6. Bd3 Bg7 7. h3 O-O 8. O-O e5 9. dxe5 Nxe5 10. Nxe5 dxe5 11. Qf3 Be6 12. Bg5 h6 13. Be3 Qe7 14. Rfd1 Nd7 15. Qe2 Nc5 16. Bc4 Nd7 17. Bxe6 fxe6 18. Qc4 Nb6 19. Qb3 Rf6 20. Na4 Nxa4 21. Qxa4 b5 22. Qa5 Bf8 23. Rd3 Qf7 24. Rad1 Bd6 25. a4 b4 26. c4 bxc3 27. Qxc3 Qe8 28. b3 g5 29. Rxd6 cxd6 30. Rxd6 Rd8 31. Qxe5 Rxd6 32. Qxd6 Qc8 33. Qe5 Rf7 34. Bd4 Qc1+ 35. Kh2 Qf4+ 36. Qxf4 Rxf4 37. f3 h5 38. b4 Rf7 39. b5 axb5 40. axb5 Kh7 41. b6 Kg6 42. h4 Rd7 43. Be5 Rb7 44. Bc7 Kf6 45. Bd8+ 1-0

[Event "9th Amsterdam Science Park B 2019"]
[Site "Amsterdam"]
[Date "2019.07.10"]
[Round "5.9"]
[White "Boons, Joris"]
[Black "Van Duijl, Henri"]
[Result "1-0"]
[ECO "B30"]
[WhiteElo "1512"]
[BlackElo "1495"]
[Annotator "NA"]
[PlyCount "49"]
[EventDate "2019.07.06"]
[EventType "swiss"]
[EventCountry "NED"]
[SourceTitle "playchess.com"]
[Source "ChessBase"]
[SourceQuality "1"]
[TimeControl "40/5400+30:1800+30"]

1. e4 c5 2. Nf3 Nc6 3. Bb5 Nd4 4. Nxd4 cxd4 5. c3 a6 6. Ba4 dxc3 7. Nxc3 e6 8. d4 b5 9. Bc2 Bb7 10. O-O d5 11. e5 Be7 12. Bd3 h5 13. Bd2 Rc8 14. h3 Bg5 15. f4 Be7 16. f5 Qd7 17. Qf3 Kd8 18. Qg3 f6 19. Nxb5 axb5 20. Ba5+ Ke8 21. Qxg7 Bc5 22. Qxh8 Bxd4+ 23. Kh1 Kf8 24. fxe6 Qe7 25. Rxf6+ 1-0

[Event "9th Amsterdam Science Park B 2019"]
[Site "Amsterdam"]
[Date "2019.07.10"]
[Round "5.10"]
[White "Pillai, Abhishek"]
[Black "Hospes, Peter"]
[Result "0-1"]
[ECO "B00"]
[WhiteElo "1207"]
[BlackElo "1474"]
[Annotator "NA"]
[PlyCount "82"]
[EventDate "2019.07.06"]
[EventType "swiss"]
[EventCountry "NED"]
[SourceTitle "playchess.com"]
[Source "ChessBase"]
[SourceQuality "1"]
[TimeControl "40/5400+30:1800+30"]

1. e4 d6 2. Bc4 Nf6 3. d3 Nbd7 4. Nf3 h6 5. Nc3 e5 6. Be3 Be7 7. Qd2 c6 8. Bb3 Ng4 9. O-O-O Nxe3 10. fxe3 Nc5 11. Kb1 a5 12. a4 Nxb3 13. cxb3 Qb6 14. Ka2 Be6 15. Qc2 Qb4 16. d4 Bg4 17. h3 Bh5 18. g4 Bg6 19. dxe5 d5 20. Rd4 Qb6 21. Nh4 Bxh4 22. Qg2 dxe4 23. Nxe4 Bxe4 24. Qxe4 O-O 25. e6 fxe6 26. Qxe6+ Kh8 27. Rd7 Bf6 28. e4 Rae8 29. Qd6 Qf2 30. Rb1 Be5 31. Qg6 Qf6 32. Qf5 g6 33. Qxf6+ Bxf6 34. Rxb7 Rxe4 35. Rf1 Re2 36. Rb1 Rd8 37. b4 Rd4 38. Rf7 Bg7 39. Ka3 axb4+ 40. Kb3 Re3+ 41. Kc2 b3+ 0-1

[Event "9th Amsterdam Science Park B 2019"]
[Site "Amsterdam"]
[Date "2019.07.11"]
[Round "6.1"]
[White "Dambrink, Wouter"]
[Black "Breedveld, Andre"]
[Result "1/2-1/2"]
[ECO "A40"]
[WhiteElo "1931"]
[BlackElo "1947"]
[Annotator "NA"]
[PlyCount "85"]
[EventDate "2019.07.06"]
[EventType "swiss"]
[EventCountry "NED"]
[SourceTitle "playchess.com"]
[Source "ChessBase"]
[SourceQuality "1"]
[TimeControl "40/5400+30:1800+30"]

1. d4 e6 2. Nf3 c5 3. g3 Nf6 4. Bg2 a6 5. c4 cxd4 6. Nxd4 Qc7 7. Qa4 Nc6 8. Nb5 Qb8 9. N5c3 Bc5 10. Bg5 h6 11. Bxf6 gxf6 12. Ne4 Bd4 13. Qa3 Be5 14. c5 f5 15. Nd6+ Bxd6 16. cxd6 Rg8 17. O-O Ne5 18. Rd1 f6 19. Nd2 a5 20. Nf3 Ra6 21. Nxe5 fxe5 22. Qc5 e4 23. Rac1 Kf7 24. Qe5 Rc6 25. e3 Kg6 26. g4 Rf8 27. h4 h5 28. gxh5+ Kh7 29. Kh2 Rg8 30. Bxe4 fxe4 31. Qxe4+ Kh8 32. Qe5+ Kh7 33. Rxc6 bxc6 34. Qe4+ Kh8 35. Qe5+ Kh7 36. Qe4+ Kh8 37. Qf4 Kh7 38. Qf7+ Rg7 39. Qf8 Qxb2 40. h6 Rg8 41. Qf7+ Kh8 42. Rd4 Qa1 43. Qf6+ 1/2-1/2

[Event "9th Amsterdam Science Park B 2019"]
[Site "Amsterdam"]
[Date "2019.07.11"]
[Round "6.2"]
[White "Roemersma, Aad"]
[Black "Duson, Robin"]
[Result "0-1"]
[ECO "B40"]
[WhiteElo "2029"]
[BlackElo "1936"]
[Annotator "NA"]
[PlyCount "58"]
[EventDate "2019.07.06"]
[EventType "swiss"]
[EventCountry "NED"]
[SourceTitle "playchess.com"]
[Source "ChessBase"]
[SourceQuality "1"]
[TimeControl "40/5400+30:1800+30"]

1. e4 c5 2. Nf3 e6 3. c3 d5 4. exd5 Qxd5 5. d4 Nf6 6. Be2 Nc6 7. O-O Be7 8. dxc5 Bxc5 9. Qxd5 Nxd5 10. b4 Be7 11. Bg5 O-O 12. Bxe7 Ncxe7 13. Rc1 b6 14. a3 Bb7 15. Nbd2 Rac8 16. c4 Nf4 17. Bf1 Rfd8 18. g3 Nfg6 19. Be2 e5 20. Nb3 Nf5 21. c5 e4 22. Ne1 Ne5 23. Rd1 Bd5 24. Rab1 Bxb3 25. Rxb3 Nd4 26. Rxd4 Rxd4 27. Rc3 bxc5 28. Nc2 Rd2 29. Kf1 c4 0-1

[Event "9th Amsterdam Science Park B 2019"]
[Site "Amsterdam"]
[Date "2019.07.11"]
[Round "6.3"]
[White "Emans, Job"]
[Black "De Ruiter, Tom"]
[Result "1-0"]
[ECO "A41"]
[WhiteElo "1989"]
[BlackElo "2010"]
[Annotator "NA"]
[PlyCount "111"]
[EventDate "2019.07.06"]
[EventType "swiss"]
[EventCountry "NED"]
[SourceTitle "playchess.com"]
[Source "ChessBase"]
[SourceQuality "1"]
[TimeControl "40/5400+30:1800+30"]

1. d4 d6 2. Nf3 Bg4 3. c4 Nd7 4. e4 e5 5. d5 Ngf6 6. Nc3 a5 7. Be2 Nc5 8. Qc2 Be7 9. O-O O-O 10. Ne1 Bh5 11. b3 Bg6 12. f3 Nfd7 13. Nd3 f5 14. Nf2 fxe4 15. fxe4 Bg5 16. Bf3 Qe7 17. Nb5 Na6 18. a3 Bf4 19. Bxf4 Rxf4 20. Qe2 Raf8 21. Nd3 R4f6 22. b4 Qd8 23. Kh1 c6 24. Nc3 axb4 25. axb4 c5 26. b5 Nb4 27. Rfb1 Nxd3 28. Qxd3 Nb6 29. Rf1 Kh8 30. Kg1 h6 31. Ne2 R6f7 32. Ng3 Qg5 33. Qe2 Ra8 34. Rxa8+ Nxa8 35. Ra1 Nb6 36. Qd3 h5 37. Ne2 Nxc4 38. h4 Qe3+ 39. Qxe3 Nxe3 40. Ng3 Rc7 41. Nxh5 c4 42. Rc1 Rf7 43. Ng3 Rf4 44. Rc3 Ng4 45. Ne2 Rxe4 46. Bxe4 Bxe4 47. Rxc4 Nf6 48. Nc3 Bd3 49. Rc7 e4 50. Kf2 Ng4+ 51. Ke1 Ne3 52. Rxb7 Nxg2+ 53. Kd2 Nxh4 54. Re7 Nf5 55. Re8+ Kh7 56. b6 1-0

[Event "9th Amsterdam Science Park B 2019"]
[Site "Amsterdam"]
[Date "2019.07.11"]
[Round "6.4"]
[White "Klaren, Duncan"]
[Black "Aalten, Evert"]
[Result "1/2-1/2"]
[ECO "B70"]
[WhiteElo "1896"]
[BlackElo "1931"]
[Annotator "NA"]
[PlyCount "77"]
[EventDate "2019.07.06"]
[EventType "swiss"]
[EventCountry "NED"]
[SourceTitle "playchess.com"]
[Source "ChessBase"]
[SourceQuality "1"]
[TimeControl "40/5400+30:1800+30"]

1. e4 c5 2. Nf3 d6 3. d4 cxd4 4. Nxd4 Nf6 5. Nc3 g6 6. Be2 Bg7 7. O-O O-O 8. Re1 Nc6 9. Nb3 Be6 10. Bf1 d5 11. Nc5 dxe4 12. Qxd8 Raxd8 13. Nxe6 fxe6 14. Be3 Nd4 15. Bxd4 Rxd4 16. Rad1 Rfd8 17. Bc4 Kf7 18. Rxd4 Rxd4 19. b3 Rd2 20. Nxe4 Nxe4 21. Rxe4 Rxc2 22. a4 Rc1+ 23. Bf1 Bc3 24. Rc4 Bd2 25. Rd4 Ba5 26. g3 Bb6 27. Rd3 e5 28. Rf3+ Kg7 29. Kg2 e4 30. Rf4 e3 31. fxe3 Bxe3 32. Re4 Bc5 33. Rc4 Rxc4 34. Bxc4 Kf6 35. Kf3 Ke5 36. h3 e6 37. g4 g5 38. Kg3 h6 39. Kf3 1/2-1/2

[Event "9th Amsterdam Science Park B 2019"]
[Site "Amsterdam"]
[Date "2019.07.11"]
[Round "6.5"]
[White "Gutmann, Alois"]
[Black "Bollaart, Jeroen"]
[Result "0-1"]
[ECO "A00"]
[WhiteElo "2036"]
[BlackElo "1950"]
[Annotator "NA"]
[PlyCount "143"]
[EventDate "2019.07.06"]
[EventType "swiss"]
[EventCountry "NED"]
[SourceTitle "playchess.com"]
[Source "ChessBase"]
[SourceQuality "1"]
[TimeControl "40/5400+30:1800+30"]

1. Nc3 g6 2. Nf3 Bg7 3. e4 d6 4. Bc4 Nf6 5. d3 O-O 6. O-O Nc6 7. a4 Bg4 8. h3 Bxf3 9. Qxf3 Ne5 10. Qe2 Nxc4 11. dxc4 Nd7 12. Ra3 Nc5 13. b4 Ne6 14. a5 c5 15. b5 Bxc3 16. Rxc3 Qxa5 17. Ra3 Qc7 18. Bh6 Rfe8 19. Rfa1 a5 20. h4 b6 21. Rg3 Nd4 22. Qd3 e5 23. h5 Ra7 24. Rd1 Ne6 25. Kf1 Qe7 26. Qxd6 Rd8 27. Qxe7 Rxd1+ 28. Ke2 Rxe7 29. Kxd1 Rd7+ 30. Kc1 Rd4 31. hxg6 hxg6 32. Bd2 Rxc4 33. Rd3 Rd4 34. Re3 f6 35. Bc3 Rd8 36. Bb2 Nd4 37. c4 Ne6 38. Kc2 Kg7 39. g3 g5 40. g4 Rh8 41. Bc3 Rh2 42. Be1 Kf7 43. Kb3 Nd4+ 44. Kb2 Ke7 45. Kb1 Rh1 46. Kb2 Rh4 47. Rg3 Kd6 48. Bd2 Rh2 49. Be1 Kc7 50. Ka2 Rh1 51. Bd2 Rh4 52. Kb2 Ne2 53. Re3 Nf4 54. Rg3 Rh2 55. Be1 Rg2 56. Kc2 Rxg3 57. fxg3 Ne6 58. Kd3 Nd4 59. Bd2 Nf3 60. Bc1 Nh2 61. Ke2 Nxg4 62. Kf3 Nh6 63. g4 Nf7 64. Ke2 Nd8 65. Ba3 Ne6 66. Bc1 Nd4+ 67. Ke3 a4 68. Kd3 Nf3 69. Kc2 Nh2 70. Kb2 Nxg4 71. Ka3 Nf2 72. Kxa4 0-1

[Event "9th Amsterdam Science Park B 2019"]
[Site "Amsterdam"]
[Date "2019.07.11"]
[Round "6.6"]
[White "Eveleens, Wim"]
[Black "Van der Eyk, Dick"]
[Result "1-0"]
[ECO "A02"]
[WhiteElo "2005"]
[BlackElo "1949"]
[Annotator "NA"]
[PlyCount "63"]
[EventDate "2019.07.06"]
[EventType "swiss"]
[EventCountry "NED"]
[SourceTitle "playchess.com"]
[Source "ChessBase"]
[SourceQuality "1"]
[TimeControl "40/5400+30:1800+30"]

1. f4 c5 2. Nf3 Nc6 3. e4 g6 4. Be2 Bg7 5. O-O e6 6. c3 Nge7 7. d4 cxd4 8. cxd4 d5 9. e5 O-O 10. Kh1 Bd7 11. Nc3 f5 12. b3 a6 13. Ba3 Re8 14. Na4 b6 15. Rc1 Na5 16. Nb2 Bb5 17. Rc2 Qd7 18. Qd2 Rec8 19. Rfc1 Bf8 20. h3 Rxc2 21. Rxc2 Bxe2 22. Qxe2 Rc8 23. Na4 Bh6 24. Bxe7 Rxc2 25. Qxc2 Qxe7 26. Qc8+ Kf7 27. Nxb6 Bxf4 28. Qh8 g5 29. Qxh7+ Ke8 30. Qg8+ Qf8 31. Qxe6+ Qe7 32. Qxe7+ 1-0

[Event "9th Amsterdam Science Park B 2019"]
[Site "Amsterdam"]
[Date "2019.07.11"]
[Round "6.7"]
[White "Cohn, Samuel"]
[Black "Zegstroo, Martin"]
[Result "1-0"]
[ECO "A57"]
[WhiteElo "1679"]
[BlackElo "1798"]
[Annotator "NA"]
[PlyCount "92"]
[EventDate "2019.07.06"]
[EventType "swiss"]
[EventCountry "NED"]
[SourceTitle "playchess.com"]
[Source "ChessBase"]
[SourceQuality "1"]
[TimeControl "40/5400+30:1800+30"]

1. d4 Nf6 2. c4 c5 3. d5 b5 4. cxb5 a6 5. e3 d6 6. Nc3 g6 7. Nf3 Bg7 8. Qc2 O-O 9. Bd2 Nbd7 10. e4 Ng4 11. Be2 axb5 12. Nxb5 Ba6 13. O-O Nge5 14. Nxe5 Bxe5 15. f4 Bxb5 16. Bxb5 Bd4+ 17. Kh1 Nf6 18. h3 Qb6 19. a4 Rfc8 20. Rf3 c4 21. Ra2 Qc5 22. Bc3 Rcb8 23. Bc6 Ra7 24. f5 Rb3 25. g4 Bxc3 26. bxc3 Nd7 27. Bxd7 Rxd7 28. fxg6 hxg6 29. Qf2 Qxf2 30. Raxf2 f6 31. g5 Kg7 32. Kg2 Rc7 33. gxf6+ exf6 34. Rxf6 Rxc3 35. Rxd6 Rd3 36. Rff6 c3 37. Rxg6+ Kh7 38. Rc6 Re7 39. Rg3 Rxg3+ 40. Kxg3 Rxe4 41. a5 Ra4 42. Rxc3 Rxa5 43. Rd3 Ra7 44. Kf4 Kg6 45. d6 Kf6 46. d7 Kg7 1-0

[Event "9th Amsterdam Science Park B 2019"]
[Site "Amsterdam"]
[Date "2019.07.11"]
[Round "6.8"]
[White "Adavatkar, Rugved"]
[Black "Honkoop, Mark"]
[Result "0-1"]
[ECO "A06"]
[WhiteElo "1678"]
[BlackElo "1670"]
[Annotator "NA"]
[PlyCount "62"]
[EventDate "2019.07.06"]
[EventType "swiss"]
[EventCountry "NED"]
[SourceTitle "playchess.com"]
[Source "ChessBase"]
[SourceQuality "1"]
[TimeControl "40/5400+30:1800+30"]

1. Nf3 d5 2. g3 Nf6 3. Bg2 g6 4. d4 Bg7 5. O-O O-O 6. Bd2 c6 7. Re1 Nbd7 8. Qc1 Re8 9. Ne5 Qb6 10. c3 Nxe5 11. dxe5 Ng4 12. e3 Nxe5 13. Qc2 Bf5 14. e4 Bxe4 15. Bxe4 dxe4 16. Rxe4 Nf3+ 17. Kg2 Nxd2 18. Nxd2 Rad8 19. Rae1 Qc5 20. Nb3 Qd5 21. f3 e5 22. c4 Qd6 23. f4 f5 24. fxe5 Rxe5 25. R4e2 c5 26. Qc1 Rde8 27. Qc2 b6 28. Nc1 Qd4 29. b3 Kf7 30. Kf3 Bh6 31. Qd3 Rxe2 0-1

[Event "9th Amsterdam Science Park B 2019"]
[Site "Amsterdam"]
[Date "2019.07.11"]
[Round "6.9"]
[White "Hospes, Peter"]
[Black "Boons, Joris"]
[Result "0-1"]
[ECO "C33"]
[WhiteElo "1474"]
[BlackElo "1512"]
[Annotator "NA"]
[PlyCount "26"]
[EventDate "2019.07.06"]
[EventType "swiss"]
[EventCountry "NED"]
[SourceTitle "playchess.com"]
[Source "ChessBase"]
[SourceQuality "1"]
[TimeControl "40/5400+30:1800+30"]

1. f4 e5 2. e4 exf4 3. Bc4 Qh4+ 4. Kf1 Nf6 5. Nf3 Qh6 6. e5 d5 7. exf6 dxc4 8. Qe2+ Be6 9. fxg7 Bxg7 10. Na3 Nc6 11. Nxc4 O-O-O 12. d3 Bxc4 13. dxc4 Rhe8 0-1

[Event "9th Amsterdam Science Park B 2019"]
[Site "Amsterdam"]
[Date "2019.07.11"]
[Round "6.10"]
[White "Belozerova, Olga"]
[Black "Busa, Ryan"]
[Result "1-0"]
[ECO "B08"]
[WhiteElo "1276"]
[BlackElo "1052"]
[Annotator "NA"]
[PlyCount "83"]
[EventDate "2019.07.06"]
[EventType "swiss"]
[EventCountry "NED"]
[SourceTitle "playchess.com"]
[Source "ChessBase"]
[SourceQuality "1"]
[TimeControl "40/5400+30:1800+30"]

1. d4 Nf6 2. Nf3 d6 3. Nc3 g6 4. e4 Bg7 5. Be3 O-O 6. Qd2 Nbd7 7. O-O-O Re8 8. Bh6 e5 9. dxe5 dxe5 10. h3 c6 11. g4 b5 12. Bxg7 Kxg7 13. g5 Nh5 14. h4 Qe7 15. Qd6 Qxd6 16. Rxd6 Nb8 17. Ne2 Bg4 18. Bg2 a5 19. Rhd1 a4 20. Rd8 Re7 21. R1d6 Rea7 22. Kd1 a3 23. b3 Bxf3 24. Bxf3 Nf4 25. Nxf4 exf4 26. e5 Na6 27. Rxa8 Rxa8 28. Bxc6 Ra7 29. Rd4 b4 30. Rxf4 Re7 31. Re4 h5 32. f4 Kf8 33. Bb5 Nc7 34. Bc6 Re6 35. Rc4 Ke7 36. Kd2 Kd8 37. Rd4+ Kc8 38. Bd7+ Kb7 39. Bxe6 Nxe6 40. Rxb4+ Kc6 41. Ra4 Kd5 42. Ke3 1-0

[Event "9th Amsterdam Science Park B 2019"]
[Site "Amsterdam"]
[Date "2019.07.12"]
[Round "7.1"]
[White "Duson, Robin"]
[Black "Dambrink, Wouter"]
[Result "1-0"]
[ECO "D16"]
[WhiteElo "1936"]
[BlackElo "1931"]
[Annotator "NA"]
[PlyCount "63"]
[EventDate "2019.07.06"]
[EventType "swiss"]
[EventCountry "NED"]
[SourceTitle "playchess.com"]
[Source "ChessBase"]
[SourceQuality "1"]
[TimeControl "40/5400+30:1800+30"]

1. d4 d5 2. c4 c6 3. Nc3 Nf6 4. Nf3 dxc4 5. a4 e6 6. e3 c5 7. Bxc4 Nc6 8. O-O cxd4 9. exd4 Be7 10. Qe2 O-O 11. Rd1 Nb4 12. Ne5 Nbd5 13. Bg5 a6 14. a5 Qd6 15. Rd3 b5 16. axb6 Nxb6 17. Ba2 Bb7 18. Rad1 Nbd5 19. Bb1 Nxc3 20. bxc3 Nd5 21. Bxe7 Nxe7 22. Rh3 g6 23. Qg4 Nf5 24. Qf4 f6 25. Nd3 Qc6 26. Ne1 Qa4 27. Bc2 Qc4 28. Rb1 g5 29. Qg4 Ng7 30. Rxb7 h5 31. Rxh5 Nxh5 32. Qxh5 1-0

[Event "9th Amsterdam Science Park B 2019"]
[Site "Amsterdam"]
[Date "2019.07.12"]
[Round "7.2"]
[White "Breedveld, Andre"]
[Black "Emans, Job"]
[Result "0-1"]
[ECO "E47"]
[WhiteElo "1947"]
[BlackElo "1989"]
[Annotator "NA"]
[PlyCount "96"]
[EventDate "2019.07.06"]
[EventType "swiss"]
[EventCountry "NED"]
[SourceTitle "playchess.com"]
[Source "ChessBase"]
[SourceQuality "1"]
[TimeControl "40/5400+30:1800+30"]

1. c4 e6 2. Nc3 Nf6 3. d4 Bb4 4. e3 O-O 5. Bd3 c5 6. Nge2 Nc6 7. O-O Bxc3 8. bxc3 b6 9. e4 d6 10. Bg5 h6 11. Bh4 g5 12. Bg3 e5 13. f3 Qe7 14. d5 Na5 15. Bf2 Nh5 16. g4 Nf4 17. Nxf4 exf4 18. Qe2 Qe5 19. Kg2 Bd7 20. h4 Rae8 21. hxg5 hxg5 22. Rh1 f5 23. gxf5 Bxf5 24. Qc2 Bg6 25. Rh6 Kg7 26. Rah1 Rf6 27. Kf1 Rg8 28. Be1 Re8 29. Qh2 Rg8 30. Rh8 Rff8 31. Qh6+ Kf7 32. Rxg8 Rxg8 33. Rg1 Kf6 34. Kf2 Nb7 35. Qh3 Ke7 36. Rh1 Kd8 37. Bf1 Be8 38. Qh6 Qg7 39. Qxg7 Rxg7 40. Bh3 Rh7 41. Ke2 Bd7 42. Bg2 Rxh1 43. Bxh1 Bh3 44. Kd3 Na5 45. Bf2 Bf1+ 46. Kc2 Nxc4 47. Kd1 Ne5 48. Kd2 Kc7 0-1

[Event "9th Amsterdam Science Park B 2019"]
[Site "Amsterdam"]
[Date "2019.07.12"]
[Round "7.3"]
[White "Bollaart, Jeroen"]
[Black "Roemersma, Aad"]
[Result "0-1"]
[ECO "B22"]
[WhiteElo "1950"]
[BlackElo "2029"]
[Annotator "NA"]
[PlyCount "100"]
[EventDate "2019.07.06"]
[EventType "swiss"]
[EventCountry "NED"]
[SourceTitle "playchess.com"]
[Source "ChessBase"]
[SourceQuality "1"]
[TimeControl "40/5400+30:1800+30"]

1. e4 c5 2. c3 d5 3. exd5 Qxd5 4. Nf3 Nc6 5. Na3 Bg4 6. Be2 Nf6 7. d4 cxd4 8. Nb5 Rc8 9. Nbxd4 Nxd4 10. cxd4 Qa5+ 11. Bd2 Qb6 12. O-O g6 13. Rc1 Rxc1 14. Qxc1 Bg7 15. h3 Bf5 16. Qc5 Qxc5 17. dxc5 Ne4 18. Be3 O-O 19. b4 Nc3 20. Bc4 Rc8 21. Nd4 Bd7 22. Rc1 Na4 23. Bb5 Bxb5 24. Nxb5 a6 25. Na7 Rc7 26. c6 Nc3 27. cxb7 Rxb7 28. Kf1 f5 29. Nc6 Nxa2 30. Rd1 Rc7 31. Rd2 Rxc6 32. Rxa2 e6 33. Bc5 Bf8 34. Ke2 Kf7 35. Ra5 Bxc5 36. bxc5 e5 37. Kd3 Ke6 38. Kc4 e4 39. Kd4 Kd7 40. Ra3 Re6 41. Kd5 f4 42. Rc3 Re8 43. Ra3 e3 44. fxe3 fxe3 45. Rxa6 e2 46. Ra7+ Kd8 47. Ra8+ Ke7 48. Ra1 Rd8+ 49. Ke5 Rd1 50. Ra7+ Kd8 0-1

[Event "9th Amsterdam Science Park B 2019"]
[Site "Amsterdam"]
[Date "2019.07.12"]
[Round "7.4"]
[White "Sula, Avni"]
[Black "Eveleens, Wim"]
[Result "1/2-1/2"]
[ECO "A04"]
[WhiteElo "1978"]
[BlackElo "2005"]
[Annotator "NA"]
[PlyCount "33"]
[EventDate "2019.07.06"]
[EventType "swiss"]
[EventCountry "NED"]
[SourceTitle "playchess.com"]
[Source "ChessBase"]
[SourceQuality "1"]
[TimeControl "40/5400+30:1800+30"]

1. Nf3 e6 2. d4 f5 3. Bf4 Nf6 4. e3 d6 5. h3 g6 6. c4 Qe7 7. Nc3 Bg7 8. Qa4+ Nbd7 9. Nb5 O-O 10. Qa3 Ne8 11. Be2 b6 12. Nxc7 Nxc7 13. Bxd6 Qd8 14. Be7 Qe8 15. Bd6 Qd8 16. Be7 Qe8 17. Bd6 1/2-1/2

[Event "9th Amsterdam Science Park B 2019"]
[Site "Amsterdam"]
[Date "2019.07.12"]
[Round "7.5"]
[White "Van `t Schip, Richard"]
[Black "Van Amerongen-Jansen, Peggy"]
[Result "1/2-1/2"]
[ECO "B10"]
[WhiteElo "2003"]
[BlackElo "2002"]
[Annotator "NA"]
[PlyCount "70"]
[EventDate "2019.07.06"]
[EventType "swiss"]
[EventCountry "NED"]
[SourceTitle "playchess.com"]
[Source "ChessBase"]
[SourceQuality "1"]
[TimeControl "40/5400+30:1800+30"]

1. e4 c6 2. Nc3 g6 3. d4 d6 4. Be3 Bg7 5. Be2 Nd7 6. Qd2 Ngf6 7. f3 Qa5 8. g4 b5 9. h4 b4 10. Nd1 c5 11. c3 bxc3 12. bxc3 h5 13. g5 Nh7 14. Nh3 cxd4 15. cxd4 Qxd2+ 16. Kxd2 Nhf8 17. Bb5 Ne6 18. Kd3 Nc7 19. Nc3 O-O 20. Bxd7 Bxd7 21. Nf4 e6 22. Rab1 Rab8 23. Rhc1 Nb5 24. Nxb5 Rxb5 25. Rxb5 Bxb5+ 26. Kd2 a6 27. Nd3 Rd8 28. Nb4 d5 29. exd5 exd5 30. Nc6 Re8 31. Nb4 Bc4 32. Rc2 Bf8 33. Nd3 Bd6 34. f4 Bc7 35. Ne5 Bxe5 1/2-1/2

[Event "9th Amsterdam Science Park B 2019"]
[Site "Amsterdam"]
[Date "2019.07.12"]
[Round "7.6"]
[White "Aalten, Evert"]
[Black "Markus, John Raymond"]
[Result "1/2-1/2"]
[ECO "A30"]
[WhiteElo "1931"]
[BlackElo "1997"]
[Annotator "NA"]
[PlyCount "43"]
[EventDate "2019.07.06"]
[EventType "swiss"]
[EventCountry "NED"]
[SourceTitle "playchess.com"]
[Source "ChessBase"]
[SourceQuality "1"]
[TimeControl "40/5400+30:1800+30"]

1. Nf3 Nf6 2. c4 e6 3. g3 b6 4. Bg2 Bb7 5. O-O c5 6. Nc3 Be7 7. d4 cxd4 8. Qxd4 a6 9. Rd1 d6 10. b3 O-O 11. e4 Qc7 12. h3 Nbd7 13. Ba3 Nc5 14. e5 dxe5 15. Qxe5 Qc8 16. Bxc5 Bxc5 17. Na4 Ne4 18. Nxc5 Qxc5 19. Qxc5 Nxc5 20. Ne5 Bxg2 21. Kxg2 Rfd8 22. Nc6 1/2-1/2